Map: Orbital Shipyard

Players

éáZé

  • Race: Zerg Zerg
  • League: Platinum

capac - Winner!

  • Race: Terran Terran
  • League: Gold

VOD

Have the link to the VOD?

Description

Time

  • Played on: Feb. 23, 2016, 2:25 p.m.
  • Length: 16:25
Show
View Real Time Build Order
Export as new Build Order

éáZé Zerg 

Build Orders: Hatch First 

Get SALT Encoding   

  12  0:01  Drone  
  13  0:12  Overlord  
  13  0:17  Drone  
  14  0:30  Drone x2  
  16  0:39  Drone  
  17  0:53  Hatchery  
  16  1:07  Spawning Pool  
  16  1:10  Drone  
  16  1:13  Drone  
  16  1:16  Drone  
  18  1:22  Drone  
  19  1:32  Drone  
  20  1:43  Extractor, Drone  
  20  1:54  Queen, Overlord  
  22  2:08  Drone  
  23  2:18  Drone  
  23  2:21  Queen, Hatchery  
  25  2:28  Zergling x2  
  26  2:36  Drone  
  27  2:37  Drone x2  
  27  2:38  Drone  
  30  2:59  Roach Warren, Drone x3  
  32  3:14  Drone x4  
  32  3:17  Overlord  
  32  3:18  Extractor  
  35  3:30  Spore Crawler  
  35  3:32  Spore Crawler  
  33  3:40  Roach x2  
  33  3:41  Roach x4  
  45  3:45  Roach  
  45  3:47  Drone x3  
  50  3:50  Overlord  
  50  4:13  Queen, Spore Crawler  
  50  4:15  Drone x4  
  55  4:17  Roach  
  55  4:19  Overlord  
  55  4:21  Drone  
  58  4:32  Lair  
  58  4:37  Extractor  
  57  4:40  Drone x5  
  64  4:45  Roach  
  64  4:46  Roach  
  64  4:49  Overlord  
  66  5:09  Ravager  
  66  5:10  Ravager x2  
  66  5:11  Roach  
  66  5:12  Roach  
  66  5:13  Drone  
  74  5:16  Overlord x2  
  67  5:57  Roach  
  67  5:58  Roach x10  
  67  5:59  Overlord x2  
  67  6:00  Overlord x3  
  83  6:27  Overlord x3  
  65  6:47  Zergling x2  
  65  6:48  Zergling x24  
  55  7:22  Drone x9  
  64  7:46  Drone x2  
  64  7:47  Drone x4  
  70  7:55  Metabolic Boost  
  70  8:00  Roach Warren  
  70  8:02  Baneling Nest  
  62  8:39  Roach  
  60  8:53  Ravager  
  59  9:02  Glial Reconstitution  
  56  9:06  Baneling  
  56  9:07  Baneling x7  
  56  9:10  Zergling x2  
  56  9:11  Zergling x16  
  56  9:12  Queen  
  56  9:13  Queen  
  69  9:18  Extractor  
  69  9:20  Extractor  
  67  9:25  Extractor  
  67  9:28  Extractor  
  65  10:10  Baneling  
  65  10:11  Baneling x7  
  65  10:12  Baneling x7  
  65  10:13  Baneling  
  65  10:16  Zergling x2, Baneling  
  65  10:17  Zergling x28  
  80  10:25  Centrifical Hooks  
  80  10:26  Hatchery  
  79  10:28  Drone x5  
  79  10:29  Drone  
  85  10:36  Drone x2  
  60  11:39  Hydralisk Den  
  53  11:52  Drone x2  
  53  11:53  Drone x6  
  58  11:55  Drone x12  
  58  11:58  Drone x2  
  72  12:08  Hydralisk x7  
  85  12:22  Hydralisk x2  
  85  12:23  Hydralisk x5  
  99  12:43  Overseer  
  99  12:46  Pneumatized Carapace  
  99  12:50  Hydralisk x9  
  99  12:51  Hydralisk  
  117  12:55  Overlord x3  
  117  12:56  Overlord x3  
  119  13:00  Hatchery  
  119  13:03  Hatchery  
  117  13:09  Extractor, Hydralisk  
  117  13:10  Hydralisk  
  117  13:11  Extractor  
  119  13:13  Hydralisk  
  119  13:14  Hydralisk x10  
  141  13:23  Drone  
  141  13:24  Evolution Chamber, Drone  
  142  13:28  Evolution Chamber, Drone  
  142  13:33  Infestation Pit  
  141  13:47  Lurker Den  
  141  13:49  Tunneling Claws  
  141  13:55  Burrow  
  141  13:56  Zerg Missile Weapons Level 1, Zerg Ground Armor Level 1  
  99  14:26  Roach  
  99  14:27  Roach x24  
  149  14:49  Queen  
  151  14:53  Roach  
  151  14:54  Roach x13  
  179  15:03  Hive  
  179  15:22  Lurker  
  179  15:24  Overlord x3  
  179  15:25  Overlord x2  
  180  15:46  Roach x39  
Show
View Real Time Build Order
Export as new Build Order

capac Terran - Winner!

Build Orders: MMM Bio 

Get SALT Encoding   

  12  0:01  SCV  
  13  0:13  SCV  
  14  0:20  Supply Depot  
  14  0:25  SCV  
  15  0:42  SCV  
  16  0:44  Barracks  
  16  0:51  Refinery  
  16  0:54  SCV  
  17  1:06  SCV  
  18  1:18  SCV  
  19  1:30  SCV  
  20  1:35  Barracks Reactor  
  20  1:39  Command Center  
  20  1:46  SCV  
  21  1:48  Supply Depot  
  21  1:58  SCV  
  22  2:10  SCV  
  22  2:13  Marine x2  
  25  2:20  Barracks  
  25  2:30  Refinery  
  25  2:31  Marine x2  
  25  2:34  Orbital Command  
  27  2:54  Orbital Command  
  27  2:58  Marine  
  28  2:59  Marine  
  28  3:01  Factory  
  28  3:04  SCV  
  30  3:09  Barracks Tech Lab  
  30  3:16  SCV  
  31  3:20  Marine x2  
  31  3:25  SCV  
  34  3:28  SCV  
  34  3:29  Stimpack  
  34  3:33  Marine  
  36  3:39  Supply Depot  
  36  3:48  Starport, Factory Reactor  
  36  3:49  Marine x2  
  36  3:51  SCV  
  39  3:58  SCV  
  40  4:06  SCV  
  40  4:08  Marine x2  
  40  4:09  Marine  
  44  4:14  Supply Depot  
  44  4:18  SCV  
  45  4:26  Marine x2  
  45  4:28  Marine  
  45  4:29  SCV  
  45  4:30  SCV  
  50  4:41  SCV  
  50  4:42  SCV  
  50  4:43  Medivac  
  50  4:44  Engineering Bay, Medivac  
  56  4:50  Marine x3  
  56  4:52  Factory Tech Lab  
  58  4:54  SCV  
  58  4:55  SCV  
  60  5:00  Supply Depot  
  60  5:06  SCV  
  62  5:07  SCV  
  62  5:14  Liberator x2  
  62  5:18  Marine x3  
  62  5:19  SCV x2  
  67  5:33  SCV x2  
  75  5:36  Marine x3  
  75  5:39  Supply Depot  
  75  5:40  Supply Depot  
  72  6:03  Marine  
  70  6:15  Marine  
  70  6:17  Marine  
  64  6:35  Marine  
  62  6:53  Marine  
  53  7:47  Barracks  
  53  7:48  Barracks  
  53  7:49  Barracks  
  42  8:39  Marine x3  
  38  8:57  Terran Infantry Weapons Level 1, Marine x3  
  41  9:09  Supply Depot  
  41  9:11  Bunker  
  41  9:15  Marine x3  
  44  9:17  Bunker  
  44  9:32  Factory, Marine  
  44  9:33  Marine x2  
  47  9:50  Marine x2  
  47  9:51  Marine  
  47  9:52  Supply Depot  
  50  10:08  Marine  
  50  10:11  Refinery  
  50  10:12  Refinery  
  50  10:13  Barracks Tech Lab  
  51  10:18  Factory Tech Lab  
  51  10:23  Starport  
  51  10:24  Starport  
  51  10:26  Marine  
  52  10:32  Marine  
  52  10:35  Barracks Reactor  
  53  10:38  Combat Shields  
  53  10:43  SCV x2  
  55  10:58  Marine x2  
  55  11:01  Command Center  
  55  11:03  Command Center  
  57  11:04  Starport Reactor x2  
  57  11:15  Marine  
  27  11:49  Marine x2  
  27  11:50  Marine  
  26  11:58  Liberator x3  
  25  12:07  Marine x2  
  29  12:18  Bunker  
  29  12:22  SCV x3  
  38  12:23  SCV  
  39  12:36  Marine x2  
  41  12:37  Marine  
  42  12:45  Supply Depot  
  42  12:55  SCV x2  
  42  12:56  Siege Tank  
  47  13:12  Bunker  
  47  13:17  Bunker  
  47  13:26  SCV x3  
  50  13:34  Siege Tank  
  53  13:38  SCV  
  55  13:41  SCV x3  
  55  13:48  Terran Infantry Armor Level 1  
  57  13:55  Barracks  
  57  14:01  Barracks  
  57  14:02  Marine x2  
  58  14:03  Marine  
  44  14:22  Marine x2  
  44  14:23  Marine  
  45  14:27  Medivac x2  
  49  14:35  SCV x4  
  53  14:40  Marine, Siege Tank  
  57  14:49  Bunker  
  57  14:50  Marine  
  57  14:51  Marine  
  60  14:53  Barracks Reactor  
  60  14:58  Barracks  
  60  14:59  Barracks Reactor  
  59  15:12  Orbital Command  
  59  15:14  Marine x3  
  62  15:23  Supply Depot  
  62  15:25  Supply Depot  
  62  15:27  SCV  
  62  15:28  SCV x2  
  65  15:31  Marine  
  65  15:32  Marine x2  
  65  15:33  Marine x2  
  70  15:40  Siege Tank  
  73  15:49  Marine x2  
  74  15:50  Marine, Barracks Reactor  
  74  15:51  Marine x3  
  74  15:52  Marine  
  74  15:53  Armory  
  83  16:03  SCV x2  
  83  16:04  SCV x2  
Tags
 
Add a new tag
Caveats
  • Supply blocks, unpowered buildings, or Contaminate may cause inaccurate times.
  • Supply counts are checked every 10 seconds.